TOP OF THE 1ST |
Hamilton Cardinals batting - Pitching for Detroit Red Wings : LHP George Moran
|
Pitching: LHP George Moran
|
|
Batting: RHB Nick Latulippe
|
0-0: Called Strike 0-1: Fly out, F9 (Flyball, 89D, EV 97.5 MPH)
|
Batting: RHB Tyler Walker
|
0-0: Ball 1-0: Reached on error, E6 (Groundball, 6M, EV 87.5 MPH)
|
Batting: RHB Chris LaReau
|
0-0: Foul Ball, location: 2F 0-1: Ball 1-1: Ball 2-1: Ball 3-1: Base on Balls
|
Batting: RHB Richard Riggs
|
0-0: Foul Ball, location: 2F 0-1: Foul Ball, location: 2F 0-2: Ball 1-2: Foul Ball, location: 2F 1-2: Ball 2-2: Fly out, F8 (Line Drive, 8RM, EV 93.8 MPH)
|
Batting: LHB Jorge Zarazua
|
0-0: Called Strike 0-1: Foul Ball, location: 2F 0-2: Ball 1-2: Fly out, F3 (Popup, 3S, EV 76.2 MPH)
|
Top of the 1st over - 0 runs, 0 hits, 1 error, 2 left on base; Hamilton 0 - Detroit 0 |
BOTTOM OF THE 1ST |
Detroit Red Wings batting - Pitching for Hamilton Cardinals : RHP Andrew Ray
|
Pitching: RHP Andrew Ray
|
|
Batting: RHB Carlos Armenteros
|
0-0: Foul Ball, location: 2F 0-1: Ball 1-1: Called Strike 1-2: Strikes out swinging
|
Batting: RHB Tony Murray
|
0-0: Ball 1-0: SINGLE (Groundball, 56S, EV 68.1 MPH) (infield hit)
|
Batting: RHB Tony Soto
|
0-0: SINGLE (Groundball, 6D, EV 100.6 MPH) Tony Murray to second
|
Batting: LHB Brad Gaskill
|
0-0: Called Strike 0-1: Called Strike 0-2: Strikes out swinging
|
Batting: RHB Brandon Everett
|
0-0: Called Strike 0-1: Fly out, F8 (Flyball, 78XD, EV 93.8 MPH)
|
Bottom of the 1st over - 0 runs, 2 hits, 0 errors, 2 left on base; Hamilton 0 - Detroit 0 |
TOP OF THE 2ND |
Hamilton Cardinals batting - Pitching for Detroit Red Wings : LHP George Moran
|
Batting: RHB Julio Sandoval
|
0-0: Called Strike 0-1: Swinging Strike 0-2: Ball 1-2: Ball 2-2: Ball 3-2: Reached on error, E5 (Groundball, 56S, EV 77.5 MPH)
|
Batting: LHB Ivan Cortez
|
0-0: Ball 1-0: Fielders Choice at 2nd, 3-6 (Groundball, 34S, EV 83.1 MPH)
|
Batting: RHB Bobby Miles
|
0-0: Ball Pickoff Throw to First - Error! E1 Ivan Cortez to second 1-0: Called Strike 1-1: Ball 2-1: Foul Ball, location: 2F 2-2: Ball 3-2: Foul Ball, location: 2F 3-2: Foul Ball, location: 2F 3-2: Base on Balls
|
Batting: RHB Edgar Klockow
|
0-0: Swinging Strike 0-1: Ball 1-1: Swinging Strike 1-2: Strikes out looking
|
Batting: RHB Nick Latulippe
|
0-0: Ball Wild Pitch! Ivan Cortez to third Bobby Miles to second 1-0: Ball 2-0: Foul Ball, location: 2F 2-1: Foul Ball, location: 2F 2-2: Strikes out swinging
|
Top of the 2nd over - 0 runs, 0 hits, 2 errors, 2 left on base; Hamilton 0 - Detroit 0 |
BOTTOM OF THE 2ND |
Detroit Red Wings batting - Pitching for Hamilton Cardinals : RHP Andrew Ray
|
Batting: RHB Tony Nunez
|
0-0: Swinging Strike 0-1: Foul Ball, location: 2F 0-2: Foul Ball, location: 2F 0-2: Ball 1-2: Foul Ball, location: 2F 1-2: Strikes out swinging
|
Batting: LHB Steve Herrera
|
0-0: Swinging Strike 0-1: Ball 1-1: Ball 2-1: Called Strike 2-2: Foul Ball, location: 2F 2-2: Ball 3-2: Fly out, F7 (Flyball, 7, EV 87.5 MPH)
|
Batting: RHB Willie Ochoa
|
0-0: Called Strike 0-1: Foul Ball, location: 2F 0-2: Ball 1-2: Fly out, F7 (Flyball, 78D, EV 90.0 MPH)
|
Bottom of the 2nd over - 0 runs, 0 hits, 0 errors, 0 left on base; Hamilton 0 - Detroit 0 |
TOP OF THE 3RD |
Hamilton Cardinals batting - Pitching for Detroit Red Wings : LHP George Moran
|
Batting: RHB Tyler Walker
|
0-0: Ball 1-0: Ball 2-0: DOUBLE (Flyball, 78XD, EV 103.1 MPH)
|
Batting: RHB Chris LaReau
|
0-0: Called Strike 0-1: Ball 1-1: Fly out, F4 (Flyball, 34D, EV 93.1 MPH)
|
Batting: RHB Richard Riggs
|
0-0: Called Strike 0-1: SINGLE (Groundball, 34D, EV 108.8 MPH) Tyler Walker to third Runner from 3rd tries for Home, throw by RF and OUT! 9-2
|
Batting: LHB Jorge Zarazua
|
0-0: Called Strike 0-1: Ball Balk! Richard Riggs to second 1-1: Foul Ball, location: 2F 1-2: Fly out, F9 (Flyball, 9LS, EV 76.2 MPH)
|
Top of the 3rd over - 0 runs, 2 hits, 0 errors, 1 left on base; Hamilton 0 - Detroit 0 |
BOTTOM OF THE 3RD |
Detroit Red Wings batting - Pitching for Hamilton Cardinals : RHP Andrew Ray
|
Batting: LHB Isao Fukui
|
0-0: Ball 1-0: Ball 2-0: Foul Ball, location: 2F 2-1: SINGLE (Groundball, 34D, EV 103.1 MPH)
|
Batting: RHB Carlos Armenteros
|
0-0: Ball 1-0: Ball 2-0: Foul Ball, location: 2F 2-1: Called Strike 2-2: SINGLE (Flyball, 3D, EV 95.0 MPH) Isao Fukui to second Runner from 2nd tries for 3rd, SAFE, no throw by RF
|
Batting: RHB Tony Murray
|
0-0: Swinging Strike 0-1: Swinging Strike 0-2: Ball 1-2: Ball 2-2: Foul Ball, location: 2F 2-2: Foul Ball, location: 2F 2-2: Strikes out swinging Carlos Armenteros steals 2nd base Batter strikes out.
|
Batting: RHB Tony Soto
|
0-0: Foul Ball, location: 2F 0-1: Fly out, F8 (Flyball, 8RD, EV 89.4 MPH) Runner from 3rd tags up, SCORES, throw by CF Carlos Armenteros to third
|
Batting: LHB Brad Gaskill
|
0-0: Ball 1-0: Ball 2-0: Ball 3-0: Called Strike 3-1: Base on Balls
|
Batting: RHB Brandon Everett
|
0-0: Called Strike 0-1: Called Strike 0-2: SINGLE (Groundball, 56S, EV 69.4 MPH) (infield hit) Carlos Armenteros scores Brad Gaskill to second
|
Pinch Runner at 1st Glen Boyle:
|
|
Batting: RHB Tony Nunez
|
0-0: Ball 1-0: Fly out, F8 (Flyball, 8LM, EV 82.5 MPH)
|
Bottom of the 3rd over - 2 runs, 3 hits, 0 errors, 2 left on base; Hamilton 0 - Detroit 2 |
TOP OF THE 4TH |
Hamilton Cardinals batting - Pitching for Detroit Red Wings : LHP George Moran
|
Now at 2B: Glen Boyle
|
|
Batting: RHB Julio Sandoval
|
0-0: Swinging Strike 0-1: Ball 1-1: Foul Ball, location: 2F 1-2: Ball 2-2: SOLO HOME RUN (Flyball, 7D, EV 103.8 MPH), Distance : 390 ft
|
Batting: LHB Ivan Cortez
|
0-0: Foul Ball, location: 2F 0-1: Foul Ball, location: 2F 0-2: Strikes out swinging
|
Batting: RHB Bobby Miles
|
0-0: Ground out 6-3 (Groundball, 6, EV 90.0 MPH)
|
Batting: RHB Edgar Klockow
|
0-0: Foul Ball, location: 2F 0-1: Ground out 6-3 (Groundball, 6MS, EV 66.2 MPH)
|
Top of the 4th over - 1 run, 1 hit, 0 errors, 0 left on base; Hamilton 1 - Detroit 2 |
BOTTOM OF THE 4TH |
Detroit Red Wings batting - Pitching for Hamilton Cardinals : RHP Andrew Ray
|
Batting: LHB Steve Herrera
|
0-0: Swinging Strike 0-1: Foul Ball, location: 2F 0-2: Strikes out looking
|
Batting: RHB Willie Ochoa
|
0-0: Called Strike 0-1: Called Strike 0-2: Strikes out swinging
|
Batting: LHB Isao Fukui
|
0-0: Ball 1-0: Called Strike 1-1: Ball 2-1: SINGLE (Groundball, 4D, EV 94.4 MPH)
|
Batting: RHB Carlos Armenteros
|
0-0: Ball 1-0: Foul Ball, location: 2F 1-1: Ball 2-1: Foul Ball, location: 2F 2-2: Foul Ball, location: 2F 2-2: Foul Ball, location: 2F 2-2: Foul Ball, location: 2F 2-2: Ball 3-2: Ground out 5-3 (Groundball, 56, EV 98.1 MPH)
|
Bottom of the 4th over - 0 runs, 1 hit, 0 errors, 1 left on base; Hamilton 1 - Detroit 2 |
TOP OF THE 5TH |
Hamilton Cardinals batting - Pitching for Detroit Red Wings : LHP George Moran
|
Batting: RHB Nick Latulippe
|
0-0: Called Strike 0-1: Ball 1-1: Swinging Strike 1-2: Foul Ball, location: 2F 1-2: Foul Ball, location: 2F 1-2: Ball 2-2: Foul Ball, location: 2F 2-2: Strikes out swinging
|
Batting: RHB Tyler Walker
|
0-0: Ball 1-0: Ball 2-0: Ball 3-0: Base on Balls
|
Batting: RHB Chris LaReau
|
0-0: Ball 1-0: Ball 2-0: Ball 3-0: Base on Balls Tyler Walker to second
|
Batting: RHB Richard Riggs
|
0-0: Ball 1-0: Ball 2-0: Called Strike 2-1: Foul Ball, location: 2F 2-2: Foul Ball, location: 2F 2-2: Foul Ball, location: 2F 2-2: Foul Ball, location: 2F 2-2: SINGLE (Line Drive, 9S, EV 106.2 MPH) Tyler Walker to third Chris LaReau to second
|
Batting: LHB Jorge Zarazua
|
0-0: Called Strike 0-1: Ball 1-1: Ball 2-1: Ball 3-1: Base on Balls Tyler Walker scores Chris LaReau to third Richard Riggs to second
|
Batting: RHB Julio Sandoval
|
0-0: Ball 1-0: Ball 2-0: Ball 3-0: Base on Balls Chris LaReau scores Richard Riggs to third Jorge Zarazua to second
|
Batting: LHB Ivan Cortez
|
0-0: Foul Ball, location: 2F 0-1: Called Strike 0-2: Ball 1-2: Foul Ball, location: 2F 1-2: Strikes out swinging
|
Batting: RHB Bobby Miles
|
0-0: Called Strike 0-1: Called Strike 0-2: DOUBLE (Line Drive, 78D, EV 103.8 MPH) Richard Riggs scores Jorge Zarazua scores Julio Sandoval to third
|
Batting: RHB Edgar Klockow
|
0-0: Ball 1-0: Called Strike 1-1: Swinging Strike 1-2: Foul Ball, location: 2F 1-2: Foul Ball, location: 2F 1-2: Ball 2-2: Ball 3-2: Base on Balls
|
Pitching: LHP Jean-Luc Legros
|
|
Batting: RHB Nick Latulippe
|
0-0: Foul Ball, location: 2F 0-1: Ball 1-1: Ground out 3-1 (Groundball, 34S, EV 81.2 MPH)
|
Top of the 5th over - 4 runs, 2 hits, 0 errors, 3 left on base; Hamilton 5 - Detroit 2 |
BOTTOM OF THE 5TH |
Detroit Red Wings batting - Pitching for Hamilton Cardinals : RHP Andrew Ray
|
Batting: RHB Tony Murray
|
0-0: Called Strike 0-1: SOLO HOME RUN (Line Drive, 7LD, EV 96.2 MPH), Distance : 359 ft
|
Batting: RHB Tony Soto
|
0-0: Swinging Strike 0-1: Called Strike 0-2: Foul Ball, location: 2F 0-2: Ball 1-2: Ball 2-2: Fly out, F7 (Flyball, 7LM, EV 101.9 MPH)
|
Batting: LHB Brad Gaskill
|
0-0: Ball 1-0: Fly out, F6 (Popup, 6MD, EV 63.8 MPH)
|
Batting: LHB Glen Boyle
|
0-0: Swinging Strike 0-1: Ball 1-1: Foul Ball, location: 2F 1-2: Ball 2-2: Strikes out swinging, 2-3 out at first.
|
Bottom of the 5th over - 1 run, 1 hit, 0 errors, 0 left on base; Hamilton 5 - Detroit 3 |
TOP OF THE 6TH |
Hamilton Cardinals batting - Pitching for Detroit Red Wings : LHP Jean-Luc Legros
|
Batting: RHB Tyler Walker
|
0-0: Foul Ball, location: 2F 0-1: Ball 1-1: Foul Ball, location: 2F 1-2: Reached on error, E6 (Groundball, 6M, EV 105.6 MPH)
|
Batting: RHB Chris LaReau
|
0-0: Called Strike 0-1: Ball 1-1: Ball 2-1: Foul Ball, location: 2F 2-2: Ball 3-2: Base on Balls Tyler Walker to second
|
Batting: RHB Richard Riggs
|
0-0: Ball Wild Pitch! Tyler Walker to third Chris LaReau to second 1-0: Called Strike 1-1: Foul Ball, location: 2F 1-2: Ball 2-2: Foul Ball, location: 2F 2-2: Foul Ball, location: 2F 2-2: Ball Wild Pitch! Tyler Walker scores Chris LaReau to third 3-2: Foul Ball, location: 2F 3-2: Foul Ball, location: 2F 3-2: Base on Balls
|
Batting: LHB Jorge Zarazua
|
0-0: Swinging Strike 0-1: Foul Ball, location: 2F 0-2: Strikes out swinging
|
Batting: RHB Julio Sandoval
|
0-0: Ball 1-0: Fly out, F8 (Line Drive, 8LD, EV 92.5 MPH) Runner from 3rd tags up, SCORES, throw by CF
|
Batting: LHB Ivan Cortez
|
0-0: Swinging Strike 0-1: Swinging Strike 0-2: Ball 1-2: Foul Ball, location: 2F 1-2: Ball 2-2: Ground out 4-3 (Groundball, 4, EV 95.0 MPH)
|
Top of the 6th over - 2 runs, 0 hits, 1 error, 1 left on base; Hamilton 7 - Detroit 3 |
BOTTOM OF THE 6TH |
Detroit Red Wings batting - Pitching for Hamilton Cardinals : RHP Andrew Ray
|
Batting: RHB Tony Nunez
|
0-0: Ball 1-0: Fly out, F8 (Line Drive, 78M, EV 108.8 MPH)
|
Batting: LHB Steve Herrera
|
0-0: Swinging Strike 0-1: Ball 1-1: Ball 2-1: Swinging Strike 2-2: Strikes out swinging
|
Batting: RHB Willie Ochoa
|
0-0: Ball 1-0: Foul Ball, location: 2RF, Error on foul ball, E2 1-1: Ball 2-1: SINGLE (Groundball, 5D, EV 97.5 MPH)
|
Batting: LHB Isao Fukui
|
0-0: Swinging Strike 0-1: Called Strike 0-2: Strikes out looking
|
Bottom of the 6th over - 0 runs, 1 hit, 1 error, 1 left on base; Hamilton 7 - Detroit 3 |
TOP OF THE 7TH |
Hamilton Cardinals batting - Pitching for Detroit Red Wings : LHP Jean-Luc Legros
|
Batting: RHB Bobby Miles
|
0-0: Ball 1-0: Called Strike 1-1: Ball 2-1: SINGLE (Groundball, 56D, EV 99.4 MPH)
|
Batting: RHB Edgar Klockow
|
0-0: Fielders Choice at 2nd, 6-4 (Groundball, 6, EV 105.0 MPH)
|
Batting: RHB Nick Latulippe
|
0-0: Ball 1-0: Ball Edgar Klockow is caught stealing 2nd base 2-4 2-0: Called Strike 2-1: Ground out 4-3 (Groundball, 34, EV 105.6 MPH)
|
Top of the 7th over - 0 runs, 1 hit, 0 errors, 0 left on base; Hamilton 7 - Detroit 3 |
BOTTOM OF THE 7TH |
Detroit Red Wings batting - Pitching for Hamilton Cardinals : RHP Andrew Ray
|
Batting: RHB Carlos Armenteros
|
0-0: Ball 1-0: Called Strike 1-1: Called Strike 1-2: Strikes out swinging
|
Batting: RHB Tony Murray
|
0-0: Called Strike 0-1: Ball 1-1: Foul Ball, location: 2F 1-2: Ground out 5-3 (Groundball, 56S, EV 87.5 MPH)
|
Batting: RHB Tony Soto
|
0-0: Called Strike 0-1: Foul Ball, location: 2F 0-2: Foul Ball, location: 2F 0-2: Strikes out swinging
|
Bottom of the 7th over - 0 runs, 0 hits, 0 errors, 0 left on base; Hamilton 7 - Detroit 3 |
TOP OF THE 8TH |
Hamilton Cardinals batting - Pitching for Detroit Red Wings : LHP Jean-Luc Legros
|
Batting: RHB Tyler Walker
|
0-0: Ball 1-0: Foul Ball, location: 2F 1-1: Ball 2-1: Called Strike 2-2: Foul Ball, location: 2F 2-2: Ball 3-2: Base on Balls
|
Batting: RHB Chris LaReau
|
0-0: Ball Wild Pitch! Tyler Walker to second 1-0: Swinging Strike 1-1: Called Strike 1-2: Ball 2-2: Ball 3-2: Base on Balls
|
Batting: RHB Richard Riggs
|
0-0: Ball 1-0: SINGLE (Groundball, 34S, EV 70.0 MPH) (infield hit) Tyler Walker to third Chris LaReau to second
|
Batting: LHB Jorge Zarazua
|
0-0: Ball 1-0: Ball Wild Pitch! Tyler Walker scores Chris LaReau to third Richard Riggs to second 2-0: Ball 3-0: Base on Balls
|
Pitching: RHP Khalil Coleman
|
|
Batting: RHB Julio Sandoval
|
0-0: Called Strike 0-1: Ball 1-1: Foul Ball, location: 2F 1-2: Foul Ball, location: 2F 1-2: Foul Ball, location: 2F 1-2: Ball 2-2: SINGLE (Line Drive, 56, EV 101.2 MPH) Chris LaReau scores Richard Riggs to third Jorge Zarazua to second
|
Batting: LHB Ivan Cortez
|
0-0: Foul Ball, location: 2F 0-1: Fielders Choice at 2nd, 4-6 (Groundball, 4, EV 110.0 MPH) Richard Riggs scores Jorge Zarazua to third
|
Batting: RHB Bobby Miles
|
0-0: Fielders Choice at 2nd, 5-4 (Groundball, 56S, EV 88.1 MPH) Jorge Zarazua scores
|
Batting: RHB Edgar Klockow
|
0-0: Fly out, F8 (Flyball, 8RD, EV 101.9 MPH)
|
Top of the 8th over - 4 runs, 2 hits, 0 errors, 1 left on base; Hamilton 11 - Detroit 3 |
BOTTOM OF THE 8TH |
Detroit Red Wings batting - Pitching for Hamilton Cardinals : RHP Andrew Ray
|
Pitching: RHP Jung-joon Chon
|
|
Batting: LHB Brad Gaskill
|
0-0: Called Strike 0-1: Swinging Strike 0-2: Fly out, F7 (Flyball, 7LS, EV 73.8 MPH)
|
Batting: LHB Glen Boyle
|
0-0: Called Strike 0-1: Called Strike 0-2: Ball 1-2: Ball 2-2: Strikes out swinging
|
Batting: RHB Tony Nunez
|
0-0: Ball 1-0: Ball 2-0: Called Strike 2-1: Ball 3-1: Base on Balls
|
Batting: LHB Steve Herrera
|
0-0: Swinging Strike 0-1: Fly out, F9 (Flyball, 9, EV 90.0 MPH)
|
Bottom of the 8th over - 0 runs, 0 hits, 0 errors, 1 left on base; Hamilton 11 - Detroit 3 |
TOP OF THE 9TH |
Hamilton Cardinals batting - Pitching for Detroit Red Wings : RHP Khalil Coleman
|
Batting: RHB Nick Latulippe
|
0-0: Foul Ball, location: 2F 0-1: Foul Ball, location: 2F 0-2: Ball 1-2: Ball 2-2: Fly out, F9 (Flyball, 9LS, EV 89.4 MPH)
|
Pinch Hitting: LHB Nelson Pelico
|
0-0: Swinging Strike 0-1: Ground out 4-3 (Groundball, 4S, EV 78.8 MPH)
|
Batting: RHB Chris LaReau
|
0-0: Ball 1-0: Called Strike 1-1: Fly out, F9 (Flyball, 9S, EV 88.8 MPH)
|
Top of the 9th over - 0 runs, 0 hits, 0 errors, 0 left on base; Hamilton 11 - Detroit 3 |
BOTTOM OF THE 9TH |
Detroit Red Wings batting - Pitching for Hamilton Cardinals : RHP Jung-joon Chon
|
Now at 2B: Nelson Pelico
|
|
Pinch Hitting: LHB Jamie Christian
|
0-0: Called Strike 0-1: Ball 1-1: Ball 2-1: Called Strike 2-2: Strikes out swinging
|
Batting: LHB Isao Fukui
|
0-0: Ball 1-0: Ball 2-0: Reached on error, E8 (Flyball, 78M, EV 81.9 MPH)
|
Batting: RHB Carlos Armenteros
|
0-0: Ball 1-0: Called Strike 1-1: Foul Ball, location: 2F 1-2: Strikes out swinging
|
Pinch Hitting: RHB Juan Perez
|
0-0: Ball 1-0: Foul Ball, location: 2F 1-1: Ball 2-1: Reached on error, E6 (Groundball, 6, EV 85.6 MPH) Isao Fukui to second
|
Batting: RHB Tony Soto
|
0-0: Called Strike 0-1: Ball 1-1: Called Strike 1-2: Ball 2-2: Foul Ball, location: 2F 2-2: Ball 3-2: Strikes out swinging
|
Bottom of the 9th over - 0 runs, 0 hits, 2 errors, 2 left on base; Hamilton 11 - Detroit 3 |
|